 Dungeon Crawl Stone Soup version 0.22-a0-799-g88f5e90 (webtiles) character file.

20 iamserjio the Firebug (level 2, -3/15 HPs)
             Began as a Tengu Fire Elementalist on July 21, 2018.
             Slain by a goblin
             ... wielding a cursed +0 club
              (6 damage)
             ... on level 1 of the Dungeon.
             The game lasted 00:02:08 (264 turns).

iamserjio the Firebug (Tengu Fire Elementalist)      Turns: 264, Time: 00:02:08

Health: -3/15      AC:  2    Str:  8    XL:     2   Next: 79%
Magic:  0/6        EV: 12    Int: 15    God:
Gold:   42         SH:  0    Dex: 14    Spells: 4/5 levels left

rFire    . . .     SeeInvis .   d - -2 dagger (curse)
rCold    . . .     Gourm    .   (no shield)
rNeg     . . .     Faith    .   a - +0 robe
rPois    .         Spirit   .   (helmet restricted)
rElec    .         Reflect  .   (no cloak)
rCorr    .         Harm     .   (no gloves)
MR       .....                  (boots unavailable)
Stlth    ++........             (no amulet)
HPRegen  0.05/turn              (no ring)
MPRegen  0.10/turn              (no ring)

@: no status effects
A: beak, talons 3
a: no special abilities


You were on level 1 of the Dungeon.
You were not hungry.

You visited 1 branch of the dungeon, and saw 2 of its levels.

You collected 42 gold pieces.

Inventory:

Hand Weapons
 d - a cursed -2 dagger (weapon)
 e - a +0 short sword
Missiles
 b - 27 sling bullets
 j - 8 bolts
Armour
 a - a +0 robe (worn)
 h - a +0 leather armour
Jewellery
 i - an uncursed ring of ice
Scrolls
 f - 3 scrolls of identify {unknown}
Potions
 g - a potion of brilliance {unknown}
Comestibles
 c - 3 rations


   Skills:
 - Level 2.1 Dodging
 - Level 2.0 Stealth
 + Level 2.3 Spellcasting
 + Level 2.3 Conjurations
 + Level 3.6 Fire Magic


You had 4 spell levels left.
You knew the following spells:

 Your Spells              Type           Power        Failure   Level  Hunger
a - Flame Tongue          Conj/Fire      ##...        6%          1    #......

Your spell library contained the following spells:

 Spells                   Type           Power        Failure   Level  Hunger
 Fireball                 Conj/Fire      ##........   86%         5    ######.
 Conjure Flame            Conj/Fire      ##......     19%         3    ###....
 Throw Flame              Conj/Fire      ##....       10%         2    ###....
 Sticky Flame             Conj/Fire      ##......     52%         4    #####..
 Inner Flame              Hex/Fire       #.......     30%         3    ###....


Dungeon Overview and Level Annotations

Branches:
Dungeon (2/15)

Altars:


Innate Abilities, Weirdness & Mutations

You have a beak for a mouth.
You have claws for feet.


Message History

You closely miss the goblin.
The goblin shouts!
The goblin misses you.
You hit the goblin. Your peck misses the goblin.
The goblin is severely wounded.
The goblin barely misses you.
You barely miss the goblin. You claw the goblin, but do no damage.
The goblin is severely wounded.
The goblin barely misses you.
A bat comes into view.
The goblin hits you but does no damage.
Casting: Flame Tongue (safe; 6% risk of failure)
Confirm with . or Enter, or press ? or * to list all spells.
Aiming: Flame Tongue (safe; 6% risk of failure)
Press: ? - help, Shift-Dir - straight line, f/p - goblin
Aim: a goblin (severely wounded)
The flame tongue misses the goblin.
The flame tongue hits the goblin.
The goblin is severely wounded.
The goblin hits you with a club.
You die...

b# #+### #.
#...... # #
#...#. # #.#.
.... #.# .... ..#
..
#.##..###g##.##.#
......!>g.......#
######
#...#.#.#@#.##..#
.......+ #...#.#
# ......# ##..#.#
......# #!....
......# #..###
......# #..#
......# #..#
......# ......+


You could see 2 goblins.

Vanquished Creatures
  An ooze (D:2)
  A dart slug (D:1)
  A bat (D:1)
  2 goblins (D:1)
  A hobgoblin (D:1)
  A kobold (D:1)
  A quokka (D:2)
  2 frilled lizards
  4 rats
14 creatures vanquished.

Notes
Turn   | Place    | Note
-------+----------+-------------------------------------------
     0 | D:1      | iamserjio the Tengu Fire Elementalist began the quest for the Orb.
     0 | D:1      | Reached XP level 1. HP: 10/10 MP: 4/4
   109 | D:1      | Reached XP level 2. HP: 6/15 MP: 3/6
   264 | D:1      | Slain by a goblin

Vault maps used:
D:1:      minmay_arrival_four_houses
D:2:      lemuel_doored_altar, lemuel_zombie_altar_kikubaaqudgha

Skill      XL: |  1  2 |
---------------+-------+-----
Conjurations   | 2 |  2.3
Dodging        | |  2.1
Stealth        | |  2.0
Spellcasting   | |  2.3
Fire Magic     | |  3.6

Action                   || total
-------------------------++-------
Melee: Dagger            ||    13
       Kick              ||     3
       Peck              ||     1
 Cast: Flame Tongue      ||    21
Armor: Robe              ||     3
Dodge: Dodged            ||    14

Table legend:
 A = Spawn XP
 B = Non-spawn XP
 C = Spawn XP percentage of total XP
 D = Spawn monster count
 E = Non-spawn monster count
 F = Spawn count percentage of total count
 G = Total turns spent on level
                    A         B        C        D         E        F      G
               +---------+---------+-------+---------+---------+-------+---------
         Total |       0 |      29 |   0.0 |       0 |      14 |   0.0 |   264
               +---------+---------+-------+---------+---------+-------+---------
           D:1 |       0 |      18 |   0.0 |       0 |      10 |   0.0 |   211
           D:2 |       0 |      11 |   0.0 |       0 |       4 |   0.0 |    53
               +---------+---------+-------+---------+---------+-------+---------
